 Dungeon Crawl Stone Soup version 0.24-a0-278-gefa1973 (webtiles) character file.

Game seed: 15889452171926266424

102 Ijustatesigmund the Cudgeler (level 4, -6/33 HPs)
             Began as an Octopode Fighter on Apr 30, 2019.
             Mangled by Robin
             ... wielding a +0 mace
              (7 damage)
             ... on level 4 of the Dungeon.
             The game lasted 00:04:31 (2436 turns).

Ijustatesigmund the Cudgeler (Octopode Fighter)     Turns: 2436, Time: 00:04:32

Health: -6/33      AC:  1    Str: 16    XL:     4   Next: 77%
Magic:  4/4        EV: 12    Int: 10    God:
Gold:   218        SH: 10    Dex: 14    Spells: 3/3 levels left

rFire    . . .     SeeInvis .   a - +1 flail
rCold    . . .     Gourm    .   b - +1 shield
rNeg     . . .     Faith    .   (helmet restricted)
rPois    .         Spirit   .   (no amulet)
rElec    .         Reflect  .   (no ring)
rCorr    .         Harm     .   (no ring)
MR       .....                  (no ring)
Stlth    ++........             (no ring)
HPRegen  0.11/turn              (no ring)
MPRegen  0.09/turn              (no ring)
                                (no ring)
                                (no ring)

@: mighty
A: almost no armour, stealthy swim, amphibious, 8 rings, constrict 8, tentacle
spike 1, camouflage 1, agile 1, weak 2, gelatinous body 1
a: no special abilities


You were on level 4 of the Dungeon.
You were hungry.

You visited 1 branch of the dungeon, and saw 4 of its levels.

You collected 218 gold pieces.

Inventory:

Hand Weapons
 a - a +1 flail (weapon)
Missiles
 h - 8 javelins (quivered)
Armour
 b - a +1 shield (worn)
Scrolls
 f - 2 scrolls of remove curse
 j - a scroll of identify
Potions
 e - a potion of cancellation
 g - 2 potions of curing
 i - a potion of flight {unknown}
Comestibles
 d - 4 rations


   Skills:
 + Level 3.8 Fighting
 * Level 4.1 Maces & Flails
 - Level 3.0 Dodging
 - Level 3.0 Shields


You had 3 spell levels left.
You didn't know any spells.
Your spell library was empty.

Dungeon Overview and Level Annotations

Branches:
Dungeon (4/15)
 Temple: D:4-7

Altars:
Gozag
Nemelex Xobeh
Trog
Uskayaw

Annotations:
D:4 Robin


Innate Abilities, Weirdness & Mutations

You cannot wear most types of armour.
You are very stealthy in the water. (Stealth+)
You are amphibious.
You can wear up to eight rings at the same time.
You can use your tentacles to constrict eight enemies at once.
Your skin changes colour to match your surroundings (Stealth+).
Your rubbery body absorbs attacks. (AC +1, EV +1)
One of your tentacles bears a spike.
You are agile. (Dex +2)
You are very weak. (Str -4)


Message History

You block Robin's attack. The goblin closely misses you.
You block the goblin's attack. The hobgoblin closely misses you.
You barely miss the orc priest. Your grab misses the orc priest.
Your tentacle spike misses the orc priest.
You block the goblin's attack. The orc priest hits you with a +0 club.
The goblin barely misses you.
Robin roars a battlecry!
The goblins go into a battle-frenzy!
The goblin hits you with a +0 dagger. The hobgoblin hits you.
The orc priest looks encouraged for a moment.
Robin closely misses you. The goblin closely misses you.
You barely miss the orc priest. You grab the orc priest.
You constrict the orc priest. The goblin barely misses you.
The goblin hits you with a +0 dagger. The hobgoblin hits you.
* * * LOW HITPOINT WARNING * * *
The goblin completely misses you. You block the orc priest's attack.
The goblin hits you but does no damage. The goblin hits you with a +0 dagger.
* * * LOW HITPOINT WARNING * * *
Robin hits you with a +0 mace!
You die...

.......<..†......
........##...#......
...............###..
...............#
...............#
...[........##
...........#
.##ggg...))..g....
##@ow....<......
#ggg............
..........?......
#.#..........w....
#.#.....(...#..... #
.........##.....
.#........
#.####.....


You could see a worm, Robin, an orc priest, a hobgoblin and 4 goblins.

Vanquished Creatures
  A scorpion (D:4)
  An adder (D:3)
  A worm (D:2)
  4 leopard geckos (D:3)
  An orc (D:3)
  A giant cockroach (D:1)
  4 goblins
  6 hobgoblins
  2 kobolds
  3 quokkas (D:3)
  5 bats
  3 frilled lizards
  6 rats
38 creatures vanquished.

Notes
Turn   | Place    | Note
-------+----------+-------------------------------------------
     0 | D:1      | Ijustatesigmund the Octopode Fighter began the quest for
                  | the Orb.
     0 | D:1      | Reached XP level 1. HP: 16/16 MP: 1/1
   492 | D:1      | Reached XP level 2. HP: 21/21 MP: 2/2
   523 | D:1      | You fall through a shaft!
   549 | D:2      | Noticed a +0 dagger
   550 | D:2      | Noticed a +0 dagger
   551 | D:2      | Found a hide-covered altar of Uskayaw.
   627 | D:2      | Found an opulent altar of Gozag.
  1255 | D:1      | Gained mutation: You are agile. (Dex +2) [potion of
                  | mutation]
  1255 | D:1      | Gained mutation: You are weak. (Str -2) [potion of
                  | mutation]
  1255 | D:1      | Gained mutation: You are very weak. (Str -4) [potion of
                  | mutation]
  1255 | D:1      | Gained mutation: One of your tentacles bears a spike.
                  | [potion of mutation]
  1395 | D:2      | Noticed a moth of wrath
  1398 | D:2      | Found a bloodstained altar of Trog.
  1616 | D:3      | Reached skill level 3 in Maces & Flails
  1626 | D:3      | Reached XP level 3. HP: 24/26 MP: 3/3
  1942 | D:3      | Found a sparkling altar of Nemelex Xobeh.
  2361 | D:4      | Noticed a scorpion
  2362 | D:4      | Noticed Robin
  2433 | D:4      | Killed a scorpion
  2433 | D:4      | Reached skill level 4 in Maces & Flails
  2433 | D:4      | Reached XP level 4. HP: 24/33 MP: 4/4
  2436 | D:4      | HP: 1/33 [goblin/+0 dagger[Robin] (3)]
  2436 | D:4      | Mangled by Robin

Levels and vault maps discovered:
D:1:      nzn_arrival_crosshair, layout_basic, minmay_misc_feat_doors,
          serial_park_tiny_pond, serial_bayou_lake_a
D:2:      layout_basic, tgw_trog, nicolae_gozag_seed_capital,
          dancing_weapons_uskayaw
D:3:      layout_basic, lemuel_coloured_pillars_altar, kennysheep_generic_room_8
D:4:      kennysheep_kobold_camp, layout_cave_pools, led_sif_book,
          gammafunk_ghost_nasty_kobolds, gup_sewer_entry_bowl, first_ration,
          uniq_robin, uniq_pikel, uniq_duvessa

Skill      XL: |  1  2  3 |
---------------+----------+-----
Maces & Flails | 3 4 |  4.1
Fighting       | |  3.8
Dodging        | |  3.0
Shields        | |  3.0

Action                   |  1- 3 |  4- 6 || total
-------------------------+-------+-------++-------
Melee: Flail             |    65 |     3 ||    68
       Constrict         |    15 |     1 ||    16
       Kick              |    14 |       ||    14
       Tentacles         |     3 |       ||     3
  Use: Scroll            |     8 |       ||     8
       Potion            |     2 |       ||     2
 Stab: Sleeping          |    10 |       ||    10
  Eat: Chunk             |     4 |       ||     4
Armor: Skin              |     4 |     1 ||     5
Dodge: Dodged            |    26 |    10 ||    36
Block: Shield            |    30 |     6 ||    36

Table legend:
 A = Non-vault XP
 B = Vault XP
 C = Vault XP percentage of total XP
 D = Non-vault monster count
 E = Vault monster count
 F = Vault count percentage of total count
                 A         B        C        D         E       F
            +---------+---------+-------+---------+---------+-------
      Total |     126 |      20 |  13.7 |      27 |      11 |  28.9
            +---------+---------+-------+---------+---------+-------
        D:1 |      16 |       0 |   0.0 |      10 |       0 |   0.0
        D:2 |       4 |       8 |  66.7 |       3 |       5 |  62.5
        D:3 |      38 |       6 |  13.6 |      12 |       3 |  20.0
        D:4 |      68 |       6 |   8.1 |       2 |       3 |  60.0
            +---------+---------+-------+---------+---------+-------
